 Dungeon Crawl Stone Soup version 0.32-a0-292-g751ec8d2e7 (webtiles) character file.

Game seed: 2737140033610122767

231 MacCMillion the Shooter (level 6, -1/43 HPs)
             Began as a Barachi Hexslinger on Feb 14, 2024.
             Slain by Grinder (2 damage)
             ... while paralysed by Grinder
             ... on level 3 of the Dungeon.
             The game lasted 00:03:54 (2054 turns).

MacCMillion the Shooter (Barachi Hexslinger)        Turns: 2054, Time: 00:03:55

Health: -1/43      AC:  2    Str: 10    XL:     6   Next: 3%
Magic:  7/7        EV:  2    Int: 13    God:
Gold:   87         SH:  0    Dex: 16    Spells: 7/7 levels left

rFire   . . .        a - +1 sling (drain)
rCold   . . .        (no shield)
rNeg    . . .        c - +0 robe
rPois   .            (no helmet)
rElec   .            (no cloak)
rCorr   .            (no gloves)
SInv    .            (no boots)
Will    .....        (no amulet)
Stlth   +            (no ring)
HPRegen 0.27/turn    (no ring)
MPRegen 0.10/turn

%: no passive effects
@: paralysed, slow
A: amphibious, slowness 1, strong legs 1, +LOS
a: Hop


You were on level 3 of the Dungeon.
You visited 1 branch of the dungeon, and saw 3 of its levels.

You collected 87 gold pieces.

Inventory:

Hand Weapons
 a - a +1 sling of draining (weapon)
Armour
 c - a +0 robe (worn)
Wands
 p - a wand of polymorph (3)
Scrolls
 b - 2 scrolls of poison
 d - a scroll of butterflies {unknown}
 f - a scroll of vulnerability {unknown}
 g - a scroll of brand weapon
 h - a scroll of noise {unknown}
 i - a scroll of teleportation {unknown}
 j - a scroll of amnesia {unknown}
 l - a scroll of fear {unknown}
 m - a scroll of identify {unknown}
 n - a scroll of blinking {unknown}
 q - a scroll of acquirement {unknown}
Potions
 e - 2 potions of attraction {unknown}
 k - a potion of brilliance {unknown}
 o - a potion of haste {unknown}


   Skills:
 - Level 1.2 Fighting
 + Level 6.1 Ranged Weapons
 - Level 2.1 Dodging
 - Level 1.1 Spellcasting
 - Level 3.2 Hexes
 - Level 1.1 Fire Magic


You had 7 spell levels left.
You didn't know any spells.
Your spell library contained the following spells:

 Spells                   Type           Power      Damage    Failure   Level
 Jinxbite                 Hex            18%        N/A       11%         2
 Sigil of Binding         Hex            9%         N/A       22%         3
 Necrotise                Necr           0%         1d4       28%         1
 Inner Flame              Hex/Fire       6%         N/A       34%         3
 Cause Fear               Hex            4%         N/A       58%         4
 Vampiric Draining        Necr           0%         2d6       63%         3
 Dimensional Bullseye     Hex/Tloc       2%         N/A       80%         4
 Martyr's Knell           Necr/Summ      0%         N/A       95%         4
 Curse of Agony           Necr           0%         N/A       100%        5


Dungeon Overview and Level Annotations

Branches:
Dungeon (3/15)

Altars:
Gozag

Annotations:
D:3 Grinder


Innate Abilities, Weirdness & Mutations

You are amphibious.
You cover ground slowly.
You can hop short distances.
You have an extended range of vision and can be seen from far away.


Message History

There is a stone staircase leading up, spattered with blood here.
You climb upwards.
There is a stone staircase leading down here.
You start resting.
You start resting.
HP restored.
You start waiting.
Done waiting.
You climb downwards.
Level annotation: Grinder
There is a stone staircase leading up, spattered with blood here.
You shoot a sling bullet.
The sling bullet closely misses Grinder.
You shoot a sling bullet.
The sling bullet completely misses Grinder.
Grinder gestures at you. Pain shoots through your body!
You shoot a sling bullet.
The sling bullet closely misses Grinder.
Grinder hits you.
You writhe in agony.
You shoot a sling bullet.
The sling bullet closely misses Grinder.
Grinder gestures at you. You resist with significant effort.
You shoot a sling bullet.
The sling bullet closely misses Grinder.
Grinder hits you!
You writhe in agony.
You are too injured to fight recklessly!
Grinder gestures at you.
You suddenly lose the ability to move!
Grinder hits you.
You writhe in agony.
* * * LOW HITPOINT WARNING * * *
Grinder gestures at you. Pain shoots through your body!
* * * LOW HITPOINT WARNING * * *
Grinder hits you.
* * * LOW HITPOINT WARNING * * *
You writhe in agony.
You die...
Grinder says, "Hey, I wasn't done torturing you yet!"

#################
#.........).....#
#.....รท.........#
#.....<@........##
#......5<.........
#####.##.........#
#.##........#.
#.##..........
#.##......$..#
#.##......[..#
#.##.##..#...# #.
#.# .###..)


You could see Grinder.

Vanquished Creatures
  Natasha (twice) (D:2)
  A howler monkey zombie (D:2)
  Robin (D:2)
  3 adders
  An adder skeleton (D:2)
  3 dart slugs
  A ribbon worm (D:2)
  3 ball pythons
  A bat zombie (D:2)
  2 endoplasms
  6 giant cockroaches
  10 goblins
  10 hobgoblins
  7 jackals (D:1)
  3 kobolds (D:1)
  A quokka (D:2)
  4 bats
  3 frilled lizards
  2 quokka skeletons (D:2)
  A quokka zombie (D:2)
  4 rats
69 creatures vanquished.

Notes
Turn   | Place    | Note
-------+----------+-------------------------------------------
     0 | D:1      | MacCMillion the Barachi Hexslinger began the quest for the
                  | Orb.
     0 | D:1      | Reached XP level 1. HP: 15/15 MP: 2/2
    38 | D:1      | Reached XP level 2. HP: 8/21 MP: 3/3
    50 | D:1      | Reached skill level 3 in Ranged Weapons
   195 | D:1      | Reached XP level 3. HP: 26/26 MP: 4/4
   477 | D:1      | Reached skill level 4 in Ranged Weapons
   547 | D:1      | Reached XP level 4. HP: 32/32 MP: 5/5
   628 | D:1      | Found a faded altar of an unknown god.
   944 | D:2      | Found an opulent altar of Gozag.
  1012 | D:2      | Identified the +4 whip of Midnight {heavy, ^Contam rElec
                  | rPois rC++}
  1054 | D:2      | Noticed Robin
  1264 | D:2      | Killed Robin
  1265 | D:2      | Reached skill level 5 in Ranged Weapons
  1265 | D:2      | Reached XP level 5. HP: 29/37 MP: 6/6
  1453 | D:2      | Noticed Natasha
  1464 | D:2      | Killed Natasha
  1515 | D:2      | Identified the +3 dagger of Expedience {pain, rElec Dex+3}
  1658 | D:2      | Noticed Natasha
  1673 | D:2      | Killed Natasha
  1693 | D:2      | Reached skill level 6 in Ranged Weapons
  1777 | D:3      | Reached XP level 6. HP: 42/43 MP: 7/7
  1784 | D:3      | Noticed Grinder
  1787 | D:3      | Paralysed by Grinder for 4 turns
  2051 | D:3      | Paralysed by Grinder for 5 turns
  2054 | D:3      | HP: 1/43 [Grinder (2)]
  2054 | D:3      | Slain by Grinder

Illustrated notes

Levels and vault maps discovered:
D:1:      erik_arrival_blinker_ship, layout_loops_ring,
          shapermc_ecumenical_altar_mp_highgroup, minmay_quantized
D:2:      cheibrodos_old_hovel, layout_basic, basic_altar,
          dilly_guarded_unrand_morg, uniq_robin
D:3:      layout_rooms, serial_shops, nicolae_shop_statue_plus,
          nicolae_shop_overgrown_old_shop, nicolae_shop_industrial_runoff,
          st_stairs_11, uniq_grinder

Skill      XL: |  1  2  3  4  5 |
---------------+----------------+-----
Ranged Weapons | 3 4 5 6 |  6.1
Fighting       | |  1.2
Dodging        | |  2.1
Spellcasting   | |  1.1
Hexes          | |  3.2
Fire Magic     | |  1.1

Action                     |  1- 3 |  4- 6 || total
---------------------------+-------+-------++-------
   Fire: Sling             |    90 |   156 ||   246
Ability: Hop               |     2 |       ||     2
    Use: Scroll            |       |     1 ||     1
 Armour: Robe              |    45 |    51 ||    96
  Dodge: Dodged            |    45 |    36 ||    81

Table legend: (Time is in decaauts)
 A = Elapsed time spent in this place.
 B = Non-inter-level travel time spent in this place.
 C = Inter-level travel time spent in this place.
 D = Time resting spent in this place.
 E = Time spent auto-exploring this place.
 F = Levels seen in this place.
 G = Mean time per level.
                   A        B        C        D        E       F      G
               +--------+--------+--------+--------+--------+-----+--------+
         Total |   2327 |   2264 |     63 |    382 |   1417 |   3 |  775.7 |
       Dungeon |   2327 |   2264 |     63 |    382 |   1417 |   3 |  775.7 |
               +--------+--------+--------+--------+--------+-----+--------+

Top non-repeatable levels by time:
     D:2: 1258 daAuts
     D:1: 1022 daAuts
     D:3: 45 daAuts
